 Dungeon Crawl Stone Soup version 0.21.1-1-g345015f (webtiles) character file.

74 rrRat the Skirmisher (level 4, -4/36 HPs)
             Began as a Demonspawn Abyssal Knight on June 10, 2018.
             Was a Follower of Lugonu.
             Killed from afar by Natasha (5 damage)
             ... with a wand of flame (22)
             ... on level 2 of the Dungeon.
             The game lasted 00:09:14 (1168 turns).

rrRat the Skirmisher (Demonspawn Abyssal Knight)    Turns: 1168, Time: 00:09:15

Health: -4/36      AC:  6    Str: 13    XL:     4   Next: 9%
Magic:  0/5        EV: 10    Int: 14    God:    Lugonu [*.....]
Gold:   30         SH:  0    Dex: 12    Spells: 3/3 levels left

rFire    . . .     SeeInvis .   a - +1 mace
rCold    . . .     Gourm    .   (no shield)
rNeg     . . .     Faith    .   j - +0 ring mail
rPois    .         Spirit   +   i - +0 helmet
rElec    .         Reflect  .   (no cloak)
rCorr    .         Harm     .   (no gloves)
MR       .....                  (no boots)
Stlth    ..........             (no amulet)
HPRegen  0.12/turn              (no ring)
MPRegen  0.09/turn              (no ring)

@: slowed, very slow
A: hooves 1, magic shield
a: Depart the Abyss, Renounce Religion


You were on level 2 of the Dungeon.
You worshipped Lugonu.
Lugonu was aware of your devotion.
You were not hungry.

You visited 1 branch of the dungeon, and saw 2 of its levels.
You visited the Abyss 1 time.

You collected 30 gold pieces.

Inventory:

Hand Weapons
 a - a +1 mace (weapon)
Armour
 i - a +0 helmet (worn)
 j - a +0 ring mail (worn)
Wands
 k - a wand of acid (8)
Scrolls
 b - 2 scrolls of identify {unknown}
 d - a scroll of amnesia {unknown}
 h - a scroll of magic mapping {unknown}
Potions
 e - a potion of ambrosia {unknown}
 f - a potion of haste {unknown}
 g - a potion of heal wounds {unknown}
Comestibles
 c - 3 rations


   Skills:
 + Level 3.6 Fighting
 + Level 3.0 Maces & Flails
 + Level 2.1 Armour
 + Level 1.3 Dodging
 + Level 2.5 Invocations


You had 3 spell levels left.
You didn't know any spells.

Dungeon Overview and Level Annotations

Branches:
Dungeon (2/15)

Altars:
Kikubaaqudgha

Annotations:
D:2 Natasha


Innate Abilities, Weirdness & Mutations

You have large cloven feet.
When hurt, damage is shared between your health and your magic reserves.


Message History

The jackal bites you.
* * * LOW HITPOINT WARNING * * *
The jackal barely misses you. x2; Natasha barely misses you.
The jackal bites you.
* * * LOW HITPOINT WARNING * * *
The jackal closely misses you.
You hit Natasha.
Natasha is moderately wounded.
The jackal barely misses you. The jackal bites you.
* * * LOW HITPOINT WARNING * * *
Natasha claws you.
* * * LOW HITPOINT WARNING * * *
The jackal barely misses you. The jackal closely misses you.
Natasha claws you but does no damage. The jackal completely misses you.
You hit Natasha but do no damage. Your kick misses Natasha.
Natasha is moderately wounded.
The jackal closely misses you.
The jackal bites you but does no damage.
Natasha zaps a wand.
The puff of flame hits you!
You die...

.. #. .# #.. #.####. #..
#..... # #.##....#.###
###..#....#...#.. .
#$..........# #.######.
#......hh.?##.. ..#.....
#......@hK..... ........
#.......g.##### #.......
######....#######.......
######.................#
##[..##...#####.#........
##.........>###..#...###..
#............#..###......†
#..............###..#.....
#............### #..#.....


You could see Natasha, 2 jackals, a hobgoblin and a kobold.

Vanquished Creatures
  A centaur skeleton (D:2)
  2 oozes (D:1)
  2 worms (D:2)
  A dart slug (D:1)
  2 bats (D:1)
  2 giant cockroaches (D:1)
  2 goblins (D:1)
  3 hobgoblins
  5 frilled lizards
  6 kobolds
  7 rats
33 creatures vanquished.

Vanquished Creatures (others)
  A human (D:2)
1 creature vanquished.

Grand Total: 34 creatures vanquished

Notes
Turn   | Place    | Note
-------+----------+-------------------------------------------
     0 | Abyss:1  | rrRat the Demonspawn Abyssal Knight began the quest for the Orb.
     0 | Abyss:1  | Reached XP level 1. HP: 18/18 MP: 2/2
    37 | Abyss:1  | Found a sacrificial altar of Ru.
    47 | Abyss:1  | Noticed an iron imp
    47 | Abyss:1  | Noticed a neqoxec
    48 | D:1      | Escaped the Abyss
   308 | D:1      | Gained mutation: When hurt, damage is shared between your health and your magic reserves. [demonic ancestry]
   308 | D:1      | Reached XP level 2. HP: 18/24 MP: 3/3
   473 | D:1      | Reached skill level 1 in Dodging
   496 | D:1      | Reached * piety under Lugonu
   739 | D:1      | Gained mutation: You have large cloven feet. [demonic ancestry]
   739 | D:1      | Reached XP level 3. HP: 12/29 MP: 4/4
  1085 | D:2      | Reached XP level 4. HP: 9/36 MP: 3/5
  1130 | D:2      | Found an ancient bone altar of Kikubaaqudgha.
  1135 | D:2      | Noticed a human
  1137 | D:2      | Killed a human
  1161 | D:2      | Noticed Natasha
  1167 | D:2      | HP: 1/36 [Natasha (2)]
  1168 | D:2      | Killed from afar by Natasha

Skill      XL: |  1  2  3  4 |
---------------+-------------+-----
Maces & Flails | 2 3 |  3.0
Dodging        | 1 |  1.3
Armour         | 2 |  2.1
Fighting       | |  3.6
Invocations    | |  2.5

Action                   |  1- 3 |  4- 6 || total
-------------------------+-------+-------++-------
Melee: Mace              |    93 |    24 ||   117
       Kick              |     9 |     6 ||    15
Invok: Depart the Abyss  |     1 |       ||     1
 Stab: Sleeping          |     1 |       ||     1
  Eat: Chunk             |       |     1 ||     1
Armor: Leather armour    |    24 |       ||    24
       Ring mail         |    16 |    15 ||    31
Dodge: Dodged            |    75 |    25 ||   100
